 Dungeon Crawl Stone Soup version 0.17-a0-1650-gce8475a (webtiles) character file.

840 LilCorpsy the Tainter (level 8, -7/62 HPs)
             Began as a Naga Venom Mage on Aug 13, 2015.
             Killed by nerve-wracking pain
             ... invoked by Menkaure
              (10 damage)
             ... on level 6 of the Dungeon.
             The game lasted 00:38:25 (9217 turns).

LilCorpsy the Tainter (Naga Venom Mage)             Turns: 9217, Time: 00:38:25

Health: -7/62      AC:  6    Str: 12    XL:     8   Next: 0%
Magic:  11/15      EV: 10    Int: 16    God:
Gold:   287        SH:  0    Dex: 12    Spells: 2 memorised, 13 levels left

rFire  + . .     SeeInvis +     v - +0 falchion
rCold  + . .     Clarity  .     a - +1 robe
rNeg   . . .     SustAt   +     (no shield)
rPois  +         Gourm    .     (no helmet)
rElec  +         Spirit   .     (no cloak)
rCorr  +         Warding  .     h - +0 pair of gloves
rMut   .         Stasis   .     (no barding)
MR     +....                    (no amulet)
Stlth  +++.......               n - ring of stealth
                                e - ring of sustain attributes

@: resistant, very slightly contaminated, very slow, somewhat resistant to
hostile enchantments, fairly stealthy
A: icy blue scales 1, see invisible, deformed body, dopey 1, poison resistance,
slowness 2, slow metabolism 1, spit poison 2, strong 1, AC +2
a: Spit Poison


You were on level 6 of the Dungeon.
You were not hungry.

You visited 1 branch of the dungeon, and saw 6 of its levels.

You collected 287 gold pieces.

Inventory:

Hand weapons
 v - a +0 falchion (weapon)
Armour
 a - a +1 robe (worn)
 h - a +0 pair of gloves (worn)
Jewellery
 e - a ring of sustain attributes (left hand)
 n - a ring of stealth (right hand)
Magical devices
 g - a wand of draining (0)
 s - a wand of teleportation (0)
 u - a wand of fire (10)
Scrolls
 d - 2 scrolls of identify
 k - a scroll of recharging
 l - a scroll of remove curse
 m - 3 scrolls of amnesia
 o - a scroll of enchant weapon
 r - 2 scrolls of enchant armour
Books
 b - a Young Poisoner's Handbook

   Spells                             Type                      Level
   a - Sting                          Conjuration/Poison           1
   b - Cure Poison                    Poison                       2
   c - Mephitic Cloud                 Conjuration/Poison/Air       3
   d - Olgreb's Toxic Radiance        Poison                       4
   e - Venom Bolt                     Conjuration/Poison           5
 t - a book of Summonings

   Spells                             Type                      Level
   a - Recall                         Summoning/Translocation      3
   b - Aura of Abjuration             Summoning                    5
   c - Shadow Creatures               Summoning                    5
   d - Summon Demon                   Summoning                    5
   e - Summon Forest                  Summoning/Translocation      5
   f - Summon Mana Viper              Hexes/Summoning              5
Comestibles
 c - 4 bread rations
 f - a meat ration


   Skills:
 - Level 1.5 Dodging
 - Level 3.0 Stealth
 * Level 5.1 Spellcasting
 + Level 3.8 Conjurations
 * Level 9.1 Poison Magic


You had 13 spell levels left.
You knew the following spells:

 Your Spells              Type           Power        Failure   Level  Hunger
a - Sting                 Conj/Pois      ###.         1%          1    None
b - Mephitic Cloud        Conj/Pois/Air  ###.....     10%         3    ###....


Dungeon Overview and Level Annotations

Branches:
Dungeon (6/15)
 Temple: D:4-7

Altars:
Cheibriados
Elyvilon
Kikubaaqudgha
Makhleb
Nemelex Xobeh
Yredelemnul

Annotations:
D:3 trantor's ghost, average HESk
D:6 Menkaure


Innate Abilities, Weirdness & Mutations

You cannot wear boots.
Your serpentine skin is tough (AC +2).
You have supernaturally acute eyesight.
Armour fits poorly on your strangely shaped body.
Your system is resistant to poisons.
You cover ground very slowly.
You have a slow metabolism.
You can spit poison.
You are partially covered in icy blue scales (AC +1).
You are dopey. (Int -2)
Your muscles are strong. (Str +2)


Message History

The scroll dissolves into smoke.
The ice beast misses you. The ice beast hits you.
* * * LOW HITPOINT WARNING * * *
The ice beast freezes you. You resist.
* * * LOW HITPOINT WARNING * * *
Zapping:
g - a wand of draining {zapped: 2} (will waste charges)
Press: ? - help, Shift-Dir - straight line, f/p - ice beast
Aim: an ice beast (blue smoke, severely wounded, lightly drained)
The bolt of negative energy hits the ice beast.
The ice beast is drained!
You kill the ice beast!
Your Spellcasting skill increases to level 5!
Your Poison Magic skill increases to level 9!
You have reached level 8!
You feel clever.
Evoking this partially-identified wand wasted a few charges.
Menkaure is nearby!
Menkaure points at you and mumbles some strange words.
Pain shoots through your body!
You die...

##### #.#.# #...#
#.#.#########
#.#....@....#
##'#########M#
#...# #.# #...# #M#
#...########§#####
#..........#§#.#.##
#...######§§§§§...#
#.........§#§#§#.##
#....?#..........<#


You could see Menkaure.

Vanquished Creatures
  An ice beast (D:6)
  A sky beast (D:6)
  A giant frog (D:6)
  A scorpion (D:4)
  An orc priest (D:4)
  2 hounds
  A jelly (D:5)
  A giant frog skeleton (D:4)
  3 worker ants (D:4)
  An orc wizard (D:4)
  An iguana (D:4)
  2 hound zombies (D:5)
  9 gnolls
  9 adders
  3 worms
  2 giant geckos
  14 orcs
  8 giant cockroaches
  8 hobgoblins
  2 jackals (D:2)
  3 kobolds
  A quokka (D:2)
  3 ball pythons
  9 bats
  A giant gecko zombie (D:5)
  5 giant newts
  3 goblins
  A quokka skeleton (D:4)
  6 rats
103 creatures vanquished.

Notes
Turn   | Place    | Note
--------------------------------------------------------------
     0 | D:1      | LilCorpsy the Naga Venom Mage began the quest for the Orb.
     0 | D:1      | Reached XP level 1. HP: 15/15 MP: 3/3
   189 | D:1      | Found a snail-covered altar of Cheibriados.
   684 | D:1      | Reached XP level 2. HP: 22/22 MP: 1/5
  1163 | D:2      | Reached skill level 1 in Conjurations
  1296 | D:2      | Reached XP level 3. HP: 12/28 MP: 1/6
  1691 | D:2      | Learned a level 3 spell: Mephitic Cloud
  1805 | D:2      | Reached XP level 4. HP: 7/36 MP: 0/8
  2503 | D:2      | Reached skill level 6 in Poison Magic
  3179 | D:3      | Gained mutation: Your muscles are strong. (Str +2) [potion of mutation]
  3179 | D:3      | Gained mutation: You are dopey. (Int -2) [potion of mutation]
  3179 | D:3      | Gained mutation: You are partially covered in icy blue scales (AC +1). [potion of mutation]
  3293 | D:3      | Reached XP level 5. HP: 36/42 MP: 3/9
  3475 | D:3      | Noticed trantor's ghost (average HESk)
  3769 | D:3      | Found a sparkling altar of Nemelex Xobeh.
  3769 | D:3      | Found a basalt altar of Yredelemnul.
  4531 | D:4      | Found a burning altar of Makhleb.
  4637 | D:4      | Reached skill level 7 in Poison Magic
  4876 | D:4      | Reached XP level 6. HP: 49/49 MP: 1/11
  5621 | D:4      | Found a white marble altar of Elyvilon.
  6082 | D:4      | Reached XP level 7. HP: 55/55 MP: 7/13
  6207 | D:4      | Reached skill level 8 in Poison Magic
  6686 | D:5      | Entered Level 5 of the Dungeon
  7740 | D:6      | Noticed Menkaure
  9165 | D:5      | Found an ancient bone altar of Kikubaaqudgha.
  9209 | D:6      | HP: 1/55 [ice beast (5)]
  9210 | D:6      | Reached skill level 5 in Spellcasting
  9210 | D:6      | Reached skill level 9 in Poison Magic
  9210 | D:6      | Reached XP level 8. HP: 1/62 MP: 10/15
  9217 | D:6      | Killed from afar by Menkaure

Vault maps used:
D:1:      minmay_arrival_widening_spiral_wide, corner_web_ring,
          cheibriados_altar_1
D:2:      lemuel_upstairs_altar
D:3:      gammafunk_temple_overflow_statue, lemuel_coloured_pillars_altar,
          fountainhead
D:4:      lemuel_crystal_altar, elyvilon_altar_1, first_bread
D:5:      lemuel_round_altar
D:6:      st_stairs_8, uniq_menkaure

Action                   |  1- 3 |  4- 6 |  7- 9 || total
-------------------------+-------+-------+-------++-------
Melee: Unarmed           |    32 |    55 |    19 ||   106
       Dagger            |       |       |   311 ||   311
       Falchion          |       |       |    54 ||    54
 Cast: Sting             |    48 |   166 |   108 ||   322
       Mephitic Cloud    |       |     1 |       ||     1
 Abil: Spit Poison       |     3 |     5 |    10 ||    18
Evoke: Wand              |       |     2 |     4 ||     6
  Use: Scroll            |       |    11 |     4 ||    15
       Potion            |       |     7 |     2 ||     9
  Eat: Beef jerky        |     1 |     1 |       ||     2
       Bread ration      |       |     1 |       ||     1
       Chunk             |       |     2 |       ||     2
       Meat ration       |       |     1 |     2 ||     3
